 Dungeon Crawl Stone Soup version 0.29-a0-775-g4d7333d4e2 (webtiles) character file.

Game seed: 11645743250875201615

81156 Anon1729 the Prestidigitator (level 16, 0/111 HPs)
             Began as a Kobold Artificer on July 1, 2022.
             Was the Champion of Ashenzari.
             Slain by an ettin
             ... wielding a +0 great mace
              (34 damage)
             ... on level 1 of the Orcish Mines.
             The game lasted 00:56:24 (28444 turns).

Anon1729 the Prestidigitator (Kobold Artificer)    Turns: 28444, Time: 00:56:25

Health: 0/111      AC: 25    Str: 16      XL:     16   Next: 17%
Magic:  17/17      EV: 17    Int: 30 (31) God:    Ashenzari [******]
Gold:   1498       SH:  0    Dex: 18      Spells: 5/16 levels left

rFire   + . .      SeeInvis +   D - staff of cold (curse) {Elem, Melee}
rCold   + . .      Faith    .   (shield currently unavailable)
rNeg    . . .      Spirit   .   F - +3 chain mail of the Prescient Anarchy {rF+ rCorr Str-3 Int+9, Evo, Bglg} (curse)
rPois   +          Reflect  .   Q - +3 helmet "Ensconced With Me" {Str+3 Dex+2 Slay+3, Evo, Self} (curse)
rElec   +          Harm     .   G - +2 cloak of Ashenzari's Oracle {Cun, Melee} (curse)
rCorr   +          Rampage  .   U - +0 pair of gloves "Behold Eternity" {Melee, Self} (curse)
Will    +....      Clarity  +   y - +0 pair of boots of the Eye in the Sky {Self, Melee} (curse)
Stlth   +++++.....              Y - amulet "Ruined With Me" {Regen+, Cun, Evo} (curse)
HPRegen 1.08/turn               u - ring of Ashenzari's Regret {rPois, Evo, Fort} (curse)
MPRegen 0.15/turn               n - ring of the Shattered Sky {rElec Str+6 Int+3, Cun, Self} (curse)

@: studying 2 skills
A: small, no large weapons, nightstalker 3, deterioration 1, subdued magic 1
a: Renounce Religion, Shatter the Chains


You were on level 1 of the Orcish Mines.
You worshipped Ashenzari.
Ashenzari was exalted by your worship.
You visited 4 branches of the dungeon, and saw 23 of its levels.
You also visited: Gauntlet and Ice Cave.

You collected 2458 gold pieces.
You spent 960 gold pieces at shops.

Inventory:

Missiles
 o - 2 poisoned darts
 O - 7 curare-tipped darts
Armour
 a - a +0 pair of boots of stealth
 y - the cursed +0 pair of boots of the Eye in the Sky (worn) {Self, Melee}
   (You found it on level 3 of the Dungeon)

   It has a curse which improves the following skills: Introspection: Fighting
   and Spellcasting.
   Melee Combat: Short Blades, Long Blades, Axes, Maces & Flails, Polearms,
   Staves and Unarmed Combat.
 F - the cursed +3 chain mail of the Prescient Anarchy (worn) {rF+ rCorr Str-3 Int+9, Evo, Bglg}
   (You found it on level 6 of the Dungeon)

   Str:       It affects your strength (-3).
   Int:       It affects your intelligence (+9).
   rF:        It protects you from fire.
   rCorr:     It protects you from acid and corrosion.
   It has a curse which improves the following skills: Evocations: Evocations.
   Beguiling: Conjurations, Hexes and Translocations.
 G - the cursed +2 cloak of Ashenzari's Oracle (worn) {Cun, Melee}
   (You found it on level 6 of the Dungeon)

   It has a curse which improves the following skills: Cunning: Dodging and
   Stealth.
   Melee Combat: Short Blades, Long Blades, Axes, Maces & Flails, Polearms,
   Staves and Unarmed Combat.
 Q - the cursed +3 helmet "Ensconced With Me" (worn) {Str+3 Dex+2 Slay+3, Evo, Self}
   (You found it on level 11 of the Dungeon)

   Str:       It affects your strength (+3).
   Dex:       It affects your dexterity (+2).
   Slay:      It affects your accuracy & damage with ranged weapons and melee
   (+3).
   It has a curse which improves the following skills: Evocations: Evocations.
   Introspection: Fighting and Spellcasting.
 U - the cursed +0 pair of gloves "Behold Eternity" (worn) {Melee, Self}
   (You found it on level 8 of the Dungeon)

   It has a curse which improves the following skills: Melee Combat: Short
   Blades, Long Blades, Axes, Maces & Flails, Polearms, Staves and Unarmed
   Combat.
   Introspection: Fighting and Spellcasting.
Magical Staves
 D - a cursed staff of cold (weapon) {Elem, Melee}
 T - a staff of conjuration
 X - a staff of poison
Jewellery
 j - the ring of Nufefu {Fly rCorr EV+4 SInv}
   (You found it on level 6 of the Lair of Beasts)

   [ring of evasion]

   EV:        It affects your evasion (+4).
   SInv:      It lets you see invisible.
   Fly:       It grants you flight.
   rCorr:     It protects you from acid and corrosion.
 k - the ring "Jyttomiuff" {rC+ Int+2}
   (You found it in a Gauntlet)

   [ring of protection from cold]

   Int:       It affects your intelligence (+2).
   rC:        It protects you from cold.
 n - the cursed ring of the Shattered Sky (right hand) {rElec Str+6 Int+3, Cun, Self}
   (You found it in a Gauntlet)

   [ring of strength]

   Str:       It affects your strength (+6).
   Int:       It affects your intelligence (+3).
   rElec:     It insulates you from electricity.
   It has a curse which improves the following skills: Cunning: Dodging and
   Stealth.
   Introspection: Fighting and Spellcasting.
 u - the cursed ring of Ashenzari's Regret (left hand) {rPois, Evo, Fort}
   (You found it on level 3 of the Dungeon)

   [ring of poison resistance]

   rPois:     It protects you from poison.
   It has a curse which improves the following skills: Evocations: Evocations.
   Fortitude: Armour and Shields.
 J - a ring of wizardry
 Y - the cursed amulet "Ruined With Me" (around neck) {Regen+, Cun, Evo}
   (You found it on level 9 of the Dungeon)

   [amulet of regeneration]

   Regen:     It increases your rate of health regeneration.
   It has a curse which improves the following skills: Cunning: Dodging and
   Stealth.
   Evocations: Evocations.
Wands
 c - a wand of flame (18) (quivered)
 d - a wand of charming (19)
 e - a wand of iceblast (23)
 P - a wand of polymorph (17)
 R - a wand of light (7)
Scrolls
 b - 5 scrolls of magic mapping
 g - a scroll of poison
 h - 5 scrolls of immolation
 x - 5 scrolls of enchant armour
 A - 2 scrolls of silence
 B - 5 scrolls of amnesia
 H - 5 scrolls of vulnerability
 I - a scroll of fear
 K - a scroll of fog
 S - 5 scrolls of teleportation
 W - a scroll of blinking
Potions
 f - 2 potions of haste
 i - 11 potions of curing
 l - a potion of magic
 m - 5 potions of might
 p - 6 potions of heal wounds
 q - 3 potions of flight
 r - 2 potions of ambrosia
 s - 5 potions of lignification
 t - a potion of brilliance
 v - 2 potions of resistance
 w - 7 potions of mutation
 z - 4 potions of berserk rage
 E - 3 potions of attraction
 L - 3 potions of invisibility
 M - 2 potions of degeneration
 N - a potion of cancellation
Miscellaneous
 C - a lightning rod (4/4)
 V - a condenser vane
 Z - a phial of floods


   Skills:
 + Level 10.2(16.4) Fighting
 * Level 10.9(17.1) Staves
 + Level 7.9(10.6) Armour
 + Level 11.4(16.5) Dodging
 + Level 13.1(18.2) Stealth
 + Level 7.5(10.2) Conjurations
 * Level 10.1(12.7) Ice Magic
 * Level 14.6(20.7) Evocations


You had 5 spell levels left.
You knew the following spells:

 Your Spells              Type           Power      Damage    Failure   Level
a - Frozen Ramparts       Ice            100%       1d12      1%          3
b - Hailstorm             Conj/Ice       69%        3d14      6%          4
c - Summon Ice Beast      Ice/Summ       45%        N/A       50%         4

Your spell library contained the following spells:

 Spells                   Type           Power      Damage    Failure   Level
 Freeze                   Ice            100%       1d11      1%          1
 Magic Dart               Conj           100%       1d8       1%          1
 Searing Ray              Conj           96%        2d7       1%          2
 Ensorcelled Hibernation  Hex/Ice        94%        N/A       8%          2
 Ice Form                 Ice/Tmut       45%        N/A       50%         4
 Apportation              Tloc           4%         N/A       56%         1
 Necrotize                Necr           4%         1d4       63%         1
 Sting                    Tmut/Pois      4%         1d3       63%         1
 Summon Small Mammal      Summ           4%         N/A       63%         1
 Fulminant Prism          Conj/Hex       12%        3d9       67%         4
 Iskenderun's Mystic Bla  Conj/Tloc      25%        2d7       67%         4
 Blink                    Tloc           4%         N/A       71%         2
 Passwall                 Tmut/Erth      0%         N/A       75%         2
 Poisonous Vapours        Pois/Air       2%         N/A       75%         2
 Sublimation of Blood     Necr           1%         N/A       77%         2
 Wereblood                Tmut           1%         N/A       77%         2
 Metabolic Englaciation   Hex/Ice        23%        N/A       83%         5
 Lesser Beckoning         Tloc           2%         N/A       91%         3
 Portal Projectile        Hex/Tloc       4%         N/A       91%         3
 Swiftness                Air            2%         N/A       91%         3
 Tukima's Dance           Hex            2%         N/A       91%         3
 Summon Guardian Golem    Hex/Summ       1%         N/A       93%         3
 Fireball                 Conj/Fire      12%        3d7       95%         5
 Cause Fear               Hex            1%         N/A       100%        4
 Corpse Rot               Necr/Pois/Air  1%         N/A       100%        4
 Leda's Liquefaction      Hex/Erth       1%         N/A       100%        4
 Olgreb's Toxic Radiance  Pois           1%         N/A       100%        4
 Petrify                  Tmut/Erth      1%         N/A       100%        4
 Blade Hands              Tmut           0%         N/A       100%        5
 Lee's Rapid Deconstruct  Erth           1%         3d5*      100%        5
 Manifold Assault         Tloc           2%         N/A       100%        5
 Summon Forest            Summ/Tloc      0%         N/A       100%        5
 Summon Mana Viper        Hex/Summ       1%         N/A       100%        5
 Simulacrum               Ice/Necr       22%        N/A       100%        6
 Starburst                Conj/Fire      12%        6d5       100%        6
 Statue Form              Tmut/Erth      0%         N/A       100%        6
 Summon Cactus Giant      Summ           0%         N/A       100%        6
 Dragon Form              Tmut           0%         N/A       100%        7
 Malign Gateway           Summ/Tloc      0%         N/A       100%        7
 Orb of Destruction       Conj           24%        9d9       100%        7
 Spellforged Servitor     Conj/Summ      12%        N/A       100%        7
 Summon Hydra             Summ           0%         N/A       100%        7
 Ignition                 Fire           1%         3d3       100%        8
 Summon Horrible Things   Summ           0%         N/A       100%        8
 Dragon's Call            Summ           0%         N/A       100%        9


Dungeon Overview and Level Annotations

Branches:
Dungeon (14/15)            Temple (1/1) D:7            Lair (6/6) D:8
 Shoals (0/4) Lair:2        Snake (0/4) Lair:4        Slime (0/5) Lair:6
    Orc (2/2) D:11         Vaults (0/5) D:13          IceCv (visited)
Gauntlet (visited)
    Elf: Orc:2

Altars:
Ashenzari
Cheibriados
Dithmenos
Elyvilon
Fedhas
Gozag
Hepliaklqana
Kikubaaqudgha
Makhleb
Nemelex Xobeh
Okawaru
Qazlal
Ru
Sif Muna
Trog
Uskayaw
Vehumet
Wu Jian
Xom
Yredelemnul
Zin
The Shining One
Beogh
Jiyva

Shops:
D:4 :   D:8 *   D:11 [

Annotations:
Lair:3 2 transporters
Lair:4 jazmu's ghost, journeyman FoEE


Innate Abilities, Weirdness & Mutations

You are small and have problems with some larger weapons.
You are completely attuned to the shadows.
Your body sometimes deteriorates upon taking damage.
Your spells are a little easier to cast, but a little less powerful.


Message History

An orc comes into view. It is wielding a +1 whip of flaming.
An orc comes into view. It is wielding a +0 war axe.
You hit the ettin! You freeze the ettin.
The ettin is severely wounded.
The warg bites you. The warg closely misses you.
The orc warrior closely misses you. The ettin closely misses you.
The ettin barely misses you.
An orc comes into view. It is wielding a +0 whip.
You hit the ettin but do no damage. You freeze the ettin!
The ettin is severely wounded.
The warg barely misses you. The warg closely misses you.
You barely miss the ettin.
The ettin is severely wounded.
The orc warrior misses you.
The ettin hits you with a +0 great mace!!
The ettin hits you with a +1 dire flail of protection!
You are too injured to fight recklessly!
You are too injured to fight recklessly!
You are too injured to fight recklessly!
The orc attacks as you move away! The orc closely misses you.
The warg attacks as you move away!
The warg bites you but does no damage. x2
There is a stone staircase leading up here.
The warg closely misses you.
The orc warrior hits you but does no damage.
You climb upwards.
There is a stone staircase leading down here.
You hit the ettin but do no damage.
The ettin is severely wounded.
The warg misses you.
You hit the ettin. You freeze the ettin.
The ettin is almost dead.
The orc warrior hits you but does no damage.
The ettin hits you with a +0 great mace!
* * * LOW HITPOINT WARNING * * *
The ettin misses you.
You hit the ettin but do no damage. You freeze the ettin.
The ettin is almost dead.
The warg completely misses you.
The ettin hits you with a +0 great mace!!
You die...

######....#.....####...
######..#####.....##...
##.......####...#.###.#
#.........#....##.#####
##.##.<..#.#...#...#
######.........##.##
######.........####
#####hoC##.#.######
####@##..########
########.#######
########.######
############# #########


You could see an ettin, a warg and an orc warrior.

Vanquished Creatures
  Gastronok (Lair:2)
  A fire dragon (Lair:6)
  Josephine (Lair:5)
  11 hydras
  A vault guard (D:13)
  2 catoblepae (D:13)
  3 boulder beetles
  A jorogumo (Gauntlet)
  5 centaur warriors
  A two-headed ogre (D:11)
  A tengu warrior (D:14)
  4 death yaks
  An orc high priest (Orc:1)
  Urug (Lair:2)
  Nergalle (Orc:1)
  2 skeletal warriors (D:12)
  Lodul (D:13)
  Sonja (D:10)
  A wizard (D:13)
  A swamp dragon (Lair:6)
  A deep elf pyromancer (D:9)
  2 wolf spiders (Lair:6)
  16 ugly things
  An oklob plant (Lair:5)
  A manticore (D:13)
  3 cyclopes
  3 elephants (Lair:6)
  A spectral centaur (D:13)
  12 black mambas
  Maurice (D:10)
  A guardian serpent (Lair:6)
  A rust devil (D:13)
  11 cane toads
  3 centaur skeletons (D:13)
  2 ice statues (IceCv)
  2 torpor snails
  4 rime drakes
  11 komodo dragons
  A tengu conjurer (D:14)
  A yaktaur (shapeshifter) (D:14)
  4 trolls
  An efreet (D:13)
  3 polar bears
  2 hornets (Lair:6)
  18 blink frogs
  5 dream sheep (Lair:5)
  A snapping turtle (Lair:2)
  A vampire (D:13)
  9 wyverns
  60 yaks
  2 spriggans
  7 wraiths
  5 fire bats (Gauntlet)
  3 steam dragons
  3 basilisks
  A redback (Lair:6)
  A chaos spawn (Gauntlet)
  A death yak simulacrum (IceCv)
  A warg (Orc:1)
  2 acid dragons
  26 water moccasins
  Duvessa (D:7)
  2 hell hounds (Gauntlet)
  3 swamp drakes (Lair:6)
  7 orc warriors
  3 black bears
  2 ice beasts
  A hornet zombie (D:7)
  11 ogres
  23 wolves
  6 centaurs
  A phantom (D:5)
  2 wyvern zombies (D:7)
  12 bullfrogs
  11 scorpions
  A gnoll sergeant (D:8)
  2 small abominations (Gauntlet)
  2 necrophages
  A cane toad simulacrum (IceCv)
  8 wights (D:7)
  Dowan (D:7)
  A blink frog simulacrum (Lair:4)
  9 killer bees
  2 dream sheep simulacra (Lair:4)
  An elephant simulacrum (IceCv)
  4 howler monkeys
  An electric eel (Lair:2)
  2 torpor snail simulacra (Lair:4)
  A crimson imp (D:10)
  A hound (D:6)
  5 jellies
  A human zombie (D:7)
  3 orc priests
  Terence (D:2)
  7 iguanas
  8 orc wizards
  A boggart skeleton (D:13)
  A killer bee zombie (D:7)
  2 mummies (D:7)
  2 howler monkey zombies (D:7)
  Robin (D:2)
  3 gnolls (D:4)
  12 adders
  A river rat (D:11)
  13 white imps
  2 ufetubi
  3 dart slugs
  25 orcs
  6 ball pythons
  5 bats
  8 endoplasms
  3 giant cockroaches
  14 hobgoblins
  2 jackals (D:5)
  10 kobolds
  A quokka (D:3)
  3 frilled lizards
  10 goblins
  7 rats
557 creatures vanquished.

Vanquished Creatures (collateral kills)
  A hell hound (Gauntlet)
  An orc priest (D:9)
  An orc wizard (D:9)
  An orc (D:9)
  A goblin (D:2)
5 creatures vanquished.

Vanquished Creatures (others)
  A fire crab (Gauntlet)
  A yak (Lair:3)
  5 gnolls (D:8)
  32 fungi
  71 plants
110 creatures vanquished.

Grand Total: 672 creatures vanquished

Notes
Turn   | Place    | Note
-------+----------+-------------------------------------------
     0 | D:1      | Anon1729 the Kobold Artificer began the quest for the Orb.
     0 | D:1      | Reached XP level 1. HP: 12/12 MP: 1/1
   822 | D:1      | Reached XP level 2. HP: 16/16 MP: 2/2
   844 | D:1      | Reached skill level 1 in Armour
  1669 | D:2      | Reached XP level 3. HP: 20/20 MP: 3/3
  1746 | D:2      | You fall into a shaft and drop 1 floor!
  1770 | D:3      | Reached skill level 4 in Evocations
  1812 | D:3      | Found a stormy altar of Qazlal.
  1813 | D:3      | Found a shimmering altar of Xom.
  1999 | D:3      | Found a burning altar of Makhleb.
  2427 | D:3      | Reached XP level 4. HP: 13/26 MP: 4/4
  2849 | D:3      | Found a faded altar of an unknown god.
  3872 | D:2      | Reached XP level 5. HP: 7/30 MP: 5/5
  4524 | D:2      | Identified the +0 helmet of the Gusle {rCorr Int+4}
  4524 | D:2      | Noticed Robin
  4825 | D:2      | Killed Robin
  4999 | D:2      | Noticed Terence
  5000 | D:2      | Killed Terence
  5001 | D:2      | Reached skill level 1 in Staves
  5115 | D:4      | Reached XP level 6. HP: 18/36 MP: 6/6
  5834 | D:4      | Noticed an ogre
  5860 | D:4      | Killed an ogre
  5861 | D:4      | Reached skill level 5 in Evocations
  5861 | D:4      | Reached XP level 7. HP: 22/41 MP: 7/7
  6411 | D:4      | Found Murchil's Book Shop.
  6575 | D:5      | Entered Level 5 of the Dungeon
  6772 | D:5      | Reached XP level 8. HP: 48/48 MP: 8/8
  6782 | D:5      | HP: 2/48 [killer bee (8)]
  7058 | D:5      | Reached skill level 5 in Stealth
  7139 | D:5      | Reached skill level 5 in Dodging
  7139 | D:5      | Reached skill level 6 in Evocations
  8088 | D:5      | Reached XP level 9. HP: 37/52 MP: 9/9
  8502 | D:6      | Identified the +3 chain mail of Ashrieve {rF+ rCorr Str-3
                  | Int+9}
  8752 | D:7      | Reached skill level 5 in Fighting
  8904 | D:7      | Identified the +5 dagger of Immorality {venom, rF++ rC+
                  | rCorr}
  9375 | D:7      | Reached skill level 7 in Evocations
  9822 | D:7      | Found a staircase to the Ecumenical Temple.
  9870 | Temple   | Entered the Ecumenical Temple
 10102 | Temple   | Became a worshipper of Ashenzari the Shackled
 10577 | D:7      | Found a bloodstained altar of Trog.
 11083 | D:7      | Found a basalt altar of Yredelemnul.
 11236 | D:7      | Reached XP level 10. HP: 51/60 MP: 10/10
 11446 | D:7      | Noticed Dowan
 11447 | D:7      | Noticed Duvessa
 11461 | D:7      | Killed Duvessa
 11465 | D:7      | Killed Dowan
 11618 | D:8      | Found a staircase to the Lair.
 11761 | D:8      | Noticed a two-headed ogre
 11936 | D:8      | Reached skill level 8 in Evocations
 12248 | D:8      | Reached skill level 5 in Staves
 12534 | D:8      | Found an ancient bone altar of Kikubaaqudgha.
 12543 | D:8      | Found Unenun's General Store.
 12548 | D:8      | Bought 6 curare-tipped darts for 36 gold pieces
 12987 | D:8      | Reached * piety under Ashenzari
 13544 | D:9      | Noticed a boulder beetle
 13877 | D:9      | Noticed a deep elf pyromancer
 13896 | D:9      | Noticed a red ugly thing
 13910 | D:9      | Reached skill level 1 in Conjurations
 14143 | D:9      | Killed a boulder beetle
 14216 | D:9      | Reached ** piety under Ashenzari
 14725 | D:9      | Reached skill level 5 in Armour
 14806 | D:9      | Killed a red ugly thing
 14807 | D:9      | Reached skill level 9 in Evocations
 14807 | D:9      | Reached XP level 11. HP: 32/68 MP: 11/11
 14865 | D:9      | Killed a deep elf pyromancer
 14866 | D:9      | Reached skill level 1 in Ice Magic
 15033 | D:10     | Entered Level 10 of the Dungeon
 15199 | D:10     | Noticed Sonja
 15208 | D:10     | Killed Sonja
 15467 | D:10     | Noticed a six-headed hydra
 15473 | D:10     | Killed a six-headed hydra
 15865 | D:10     | Noticed Maurice
 15920 | D:10     | Reached skill level 10 in Evocations
 15944 | D:10     | Killed Maurice
 16171 | D:11     | Found a gate leading to a gauntlet.
 16177 | Gauntlet | Entered a Gauntlet
 16177 | Gauntlet | Found a transporter.
 16177 | Gauntlet | Found a transporter.
 16194 | Gauntlet | Found a transporter.
 16194 | Gauntlet | Noticed a fire crab
 16202 | Gauntlet | Found a transporter.
 16217 | Gauntlet | Identified the +1 helmet of Dim Light {rF+ Will++}
 16224 | Gauntlet | Found a transporter.
 16228 | Gauntlet | Identified the +1 robe "Buoqun" {*Slow rF++ Regen+ rCorr}
 16234 | Gauntlet | Found a transporter.
 16322 | Gauntlet | Found a transporter.
 16330 | Gauntlet | Found a transporter.
 16352 | Gauntlet | Found a transporter.
 16355 | Gauntlet | Identified the +1 cloak of Liberty {rPois}
 16361 | Gauntlet | Found a transporter.
 16403 | Gauntlet | Noticed a fire crab
 16403 | Gauntlet | a guardian serpent changed into a fire crab
 16447 | Gauntlet | Found a transporter.
 16453 | Gauntlet | Noticed a balrug
 16468 | Gauntlet | Identified the +1 pair of gloves of the Many Priests {*Slow
                  | Dex+2 Stlth+}
 16469 | Gauntlet | Found a transporter.
 16471 | Gauntlet | Identified the +7 morningstar of the Hurtling Spider
                  | {venom, Str+2}
 16478 | Gauntlet | Found a transporter.
 16480 | Gauntlet | Identified the ring of the Original Sin {rElec Str+6 Int+3}
 16481 | Gauntlet | Found a transporter.
 16508 | Gauntlet | Found a transporter.
 16509 | Gauntlet | Identified the ring "Jyttomiuff" {rC+ Int+2}
 16530 | Gauntlet | Found a transporter.
 16583 | Gauntlet | Gained mutation: Your spells are a little easier to cast,
                  | but a little less powerful. [a neqoxec]
 16653 | Gauntlet | Noticed a fire crab
 16706 | Gauntlet | Reached XP level 12. HP: 25/75 MP: 12/12
 16780 | Gauntlet | Noticed a minotaur
 16783 | Gauntlet | Noticed a jorogumo
 16783 | Gauntlet | a minotaur changed into a jorogumo
 16798 | Gauntlet | Killed a jorogumo
 16805 | Gauntlet | Identified a scroll of acquirement
 16838 | D:11     | Found Eddow's Armour Shop.
 16880 | D:11     | Reached *** piety under Ashenzari
 16891 | D:11     | Found a staircase to the Orcish Mines.
 17063 | D:11     | Identified the +3 helmet of Awe {Str+3 Dex+2 Slay+3}
 17081 | D:11     | Noticed a two-headed ogre
 17147 | D:11     | Killed a two-headed ogre
 17154 | D:11     | Reached skill level 10 in Stealth
 17653 | Lair:1   | Entered Level 1 of the Lair of Beasts
 17672 | Lair:1   | Noticed a six-headed hydra
 17680 | Lair:1   | Killed a six-headed hydra
 17681 | Lair:1   | Reached skill level 5 in Ice Magic
 17828 | Lair:1   | Noticed a four-headed hydra
 17835 | Lair:1   | Killed a four-headed hydra
 17836 | Lair:1   | Reached skill level 11 in Evocations
 18455 | Lair:1   | Noticed a four-headed hydra
 18466 | Lair:1   | Killed a four-headed hydra
 18906 | Lair:1   | Identified the +1 leather armour of Eternal Night {Str+2}
 18914 | Lair:1   | Reached XP level 13. HP: 83/83 MP: 13/13
 19354 | Lair:2   | Reached skill level 5 in Conjurations
 19399 | Lair:2   | Reached **** piety under Ashenzari
 19595 | Lair:2   | Noticed Urug
 19608 | Lair:2   | Killed Urug
 19728 | Lair:2   | Found a staircase to the Shoals.
 19781 | Lair:2   | Noticed Gastronok
 19798 | Lair:2   | Killed Gastronok
 19985 | Lair:3   | Noticed a five-headed hydra
 19995 | Lair:3   | Killed a five-headed hydra
 20022 | Lair:3   | Found a transporter.
 20054 | Lair:3   | Found a transporter.
 20054 | Lair:3   | Identified the ring of Jaqyipla {rF+ rCorr}
 20054 | Lair:3   | Identified the +1 helmet "Xoppon" {-Tele rN+ Int+3 Dex+3}
 20122 | Lair:3   | Reached skill level 12 in Evocations
 20214 | Lair:3   | Found a frozen archway.
 20230 | Lair:3   | Noticed an eight-headed hydra
 20313 | Lair:3   | Killed an eight-headed hydra
 20371 | IceCv    | Entered an ice cave
 20466 | IceCv    | Found a transporter.
 20488 | IceCv    | Found a transporter.
 20752 | IceCv    | Acquired a manual of Translocations
 21575 | Lair:4   | Found a runed translucent gate.
 21576 | Lair:4   | Found a runed translucent gate.
 21577 | Lair:4   | Found a runed translucent gate.
 21771 | Lair:4   | Reached XP level 14. HP: 94/94 MP: 15/15
 21775 | Lair:4   | Reached skill level 10 in Dodging
 22013 | Lair:4   | Found a staircase to the Snake Pit.
 22321 | Lair:4   | Noticed jazmu's ghost (journeyman FoEE)
 22542 | Lair:5   | Reached ***** piety under Ashenzari
 22717 | Lair:5   | Noticed Josephine
 22727 | Lair:5   | Killed Josephine
 23126 | Lair:5   | Reached skill level 13 in Evocations
 23721 | Lair:6   | Entered Level 6 of the Lair of Beasts
 23936 | Lair:6   | Reached ****** piety under Ashenzari
 24139 | Lair:6   | Found a staircase to the Slime Pits.
 24140 | Lair:6   | Found a viscous altar of Jiyva.
 24185 | Lair:6   | Reached XP level 15. HP: 87/103 MP: 16/16
 24209 | Lair:6   | Identified the +1 cloak of the Pit {Int-5 Dex+7}
 24421 | Lair:6   | Reached skill level 10 in Staves
 24629 | Lair:6   | Identified the ring of Nufefu {Fly rCorr EV+4 SInv}
 25992 | D:13     | Reached skill level 14 in Evocations
 26002 | D:13     | Identified the +9 morningstar "Xuacw" {protect, Fly rPois}
 26250 | D:13     | Found a gate to the Vaults.
 26285 | D:13     | Noticed Lodul
 26298 | D:13     | Killed Lodul
 26526 | D:13     | Found a burning altar of Makhleb.
 26629 | D:13     | Reached skill level 10 in Fighting
 27374 | D:14     | Reached XP level 16. HP: 96/110 MP: 17/17
 27379 | D:14     | Reached skill level 10 in Ice Magic
 27579 | D:14     | Identified the ring of Res Nullius {*Slow rCorr Dex+10
                  | Stlth-}
 28035 | D:4      | Bought a book of Rime for 308 gold pieces
 28035 | D:4      | Bought a book of Frost for 242 gold pieces
 28035 | D:4      | Bought a book of the Tundra for 374 gold pieces
 28039 | D:4      | Learned a level 3 spell: Frozen Ramparts
 28042 | D:4      | Learned a level 2 spell: Wereblood
 28048 | D:4      | Learned a level 4 spell: Hailstorm
 28053 | D:4      | Learned a level 4 spell: Summon Ice Beast
 28198 | Orc:1    | Entered Level 1 of the Orcish Mines
 28234 | Orc:1    | Noticed Nergalle
 28243 | Orc:1    | Gained mutation: Your body sometimes deteriorates upon
                  | taking damage. [a neqoxec]
 28256 | Orc:1    | Killed Nergalle
 28430 | Orc:2    | Entered Level 2 of the Orcish Mines
 28444 | Orc:1    | Slain by an ettin

Illustrated notes

Levels and vault maps discovered:
D:1:      saegor_arrival_simple_a, layout_loops_ring
D:2:      layout_basic, chequers_mini_garden, st_stairs_13, uniq_terence,
          uniq_robin
D:3:      minmay_diamond_boxcup, layout_loops_corners,
          mainiacjoe_overflow_cross_hatched, nicolae_overflow_squiral,
          ebering_ecumenical_altar_ruins, portal_sewer_entry_d
D:4:      layout_basic, serial_shops, shop
D:5:      layout_basic
D:6:      layout_cave_pools, nrook_campfire
D:7:      layout_cave_pools, lemuel_mausoleum_altar_yredelemnul,
          mainiacjoe_overflow_paths, minmay_temple_entry_wispy,
          minmay_misc_feat_ornament, uniq_duvessa
D:8:      layout_gridville, mainiacjoe_overflow_alcove_2, lair_entry_dummy,
          serial_shops, shop_fountains, lemuel_flamethrower_2
D:9:      layout_roguey, minmay_diamond_spiral
D:10:     layout_roguey, minmay_fire_ice_demons, uniq_sonja, uniq_maurice
D:11:     layout_cave_pools, orc_0_dummy, serial_shops, shop,
          gauntlet_entry_generic, pond
D:12:     layout_basic
D:13:     layout_irregular_city, david_vaults_5, hangedman_weighted_door,
          demons_altar, uniq_lodul
D:14:     layout_irregular_city, infiniplex_staircase_diamond
Temple:   eino_temple_rhombus
Lair:1:   layout_gridlike, wad_woods_03
Lair:2:   layout_hall_layers, minmay_shoals_entry_hut, gammafunk_lair_bear_cave,
          uniq_urug, uniq_gastronok
Lair:3:   gammafunk_worm_tunnel, layout_small_grid, portal_ice_cave_entry_imps,
          chequers_serial_rivers_small_a, grunt_forest_stairs_clearing
Lair:4:   layout_cave_pods, dummy_snake_entry, gammafunk_ghost_icy
Lair:5:   layout_hall_layers, lemuel_fruit_fields, uniq_josephine
Lair:6:   hangedman_lair_tendril_chambers, layout_cave_shapes,
          guppyfry_lair_end_dragon, slime_entry_1
Orc:1:    layout_diamond_mine, serial_shops, shop_fountains,
          lemuel_statue_altar, uniq_nergalle
Orc:2:    st_orc_mages, layout_caves, serial_shops, shop

Skill      XL: |  1  2  3  4  5  6  7  8  9 10 11 12 13 14 15 16 |
---------------+-------------------------------------------------+-----
Armour         | 1 2 3 4 5 6 7 |  7.9
Stealth        | 2 3 4 6 7 8 9 10 11 12 13 | 13.1
Evocations     | 4 5 6 7 9 10 11 12 13 14 | 14.6
Dodging        | 3 4 5 6 7 8 9 10 11 | 11.4
Fighting       | 2 3 4 5 6 7 8 9 10 | 10.2
Staves         | 1 2 3 4 5 6 7 8 9 10 | 10.9
Conjurations   | 2 3 4 5 6 7 |  7.5
Ice Magic      | 3 5 7 8 9 10 | 10.1

Action                   |  1- 3 |  4- 6 |  7- 9 | 10-12 | 13-15 | 16-18 || total
-------------------------+-------+-------+-------+-------+-------+-------++-------
Melee: Club              |    12 |       |       |       |       |       ||    12
       Punch             |     1 |     1 |     4 |     2 |       |       ||     8
       Dagger            |       |    77 |   228 |    35 |       |       ||   340
       Staff             |       |       |   143 |   821 |  1370 |    86 ||  2420
 Fire: Sling             |    91 |   128 |       |       |       |       ||   219
Throw: Dart              |       |       |       |    36 |       |       ||    36
Invok: Curse Item        |       |       |       |     6 |     4 |       ||    10
       Shatter the Chain |       |       |       |     1 |       |       ||     1
Evoke: Wand              |     2 |     9 |    19 |    21 |    17 |       ||    68
  Use: Scroll            |       |     5 |     4 |     3 |     1 |     1 ||    14
       Potion            |       |     1 |     3 |     1 |       |       ||     5
 Stab: Sleeping          |     1 |     3 |    24 |    14 |    40 |     4 ||    86
       Distracted        |       |       |       |       |     9 |       ||     9
Armor: Leather armour    |     9 |       |       |       |       |       ||     9
       Ring mail         |    27 |   109 |   120 |    59 |       |       ||   315
       Troll leather arm |       |       |       |    87 |       |       ||    87
       Chain mail        |       |       |       |   140 |   629 |    20 ||   789
Dodge: Dodged            |    72 |   207 |   265 |   544 |   904 |    55 ||  2047

Table legend: (Time is in decaauts)
 A = Elapsed time spent in this place.
 B = Non-inter-level travel time spent in this place.
 C = Inter-level travel time spent in this place.
 D = Time resting spent in this place.
 E = Time spent auto-exploring this place.
 F = Levels seen in this place.
 G = Mean time per level.
                   A        B        C        D        E       F      G
               +--------+--------+--------+--------+--------+-----+--------+
         Total |  27891 |  26365 |   1526 |   4149 |  16855 |  25 | 1115.6 |
       Dungeon |  19798 |  18722 |   1076 |   3779 |  11584 |  14 | 1414.1 |
        Temple |    242 |    236 |      6 |      0 |    209 |   1 |  242.0 |
          Lair |   6619 |   6225 |    394 |    176 |   4600 |   6 | 1103.2 |
  Orcish Mines |    226 |    178 |     48 |      0 |    113 |   2 |  113.0 |
      Ice Cave |    386 |    386 |      0 |    161 |     19 |   1 |  386.0 |
      Gauntlet |    617 |    617 |      0 |     33 |    329 |   1 |  617.0 |
               +--------+--------+--------+--------+--------+-----+--------+

Top non-repeatable levels by time:
     D:7: 2540 daAuts
     D:3: 2250 daAuts
     D:8: 1849 daAuts
     D:9: 1643 daAuts
     D:4: 1632 daAuts
     D:1: 1622 daAuts
     D:2: 1390 daAuts
  Lair:1: 1375 daAuts
    D:10: 1222 daAuts
  Lair:6: 1177 daAuts
     D:5: 1157 daAuts
  Lair:5: 1134 daAuts
  Lair:4: 1124 daAuts
     D:6: 1071 daAuts
    D:13: 1021 daAuts
